 Dungeon Crawl Stone Soup version 0.28-a0-1159-g27aa881441 (webtiles) character file.

Game seed: 7029875443665536501

168 kae the Chopper (level 5, -5/45 HPs)
             Began as a Hill Orc Fighter on Dec 15, 2021.
             Slain by an ogre (23 damage)
             ... on level 4 of the Dungeon.
             The game lasted 00:01:16 (3127 turns).

kae the Chopper (Hill Orc Fighter)                  Turns: 3127, Time: 00:01:16

Health: -5/45      AC:  6    Str: 21    XL:     5   Next: 49%
Magic:  5/5        EV:  9    Int:  8    God:
Gold:   193        SH:  4    Dex: 10    Spells: 4/4 levels left

rFire   . . .      SeeInvis .   a - +0 war axe
rCold   . . .      Faith    .   c - +0 buckler
rNeg    . . .      Spirit   .   b - +0 scale mail
rPois   .          Reflect  .   (no helmet)
rElec   .          Harm     .   (no cloak)
rCorr   .          Rampage  .   (no gloves)
Will    .....                   (no boots)
Stlth   ..........              (no amulet)
HPRegen 0.15/turn               e - ring of wizardry
MPRegen 0.09/turn               (no ring)

@: no status effects
A: no striking features
a: no special abilities


You were on level 4 of the Dungeon.
You visited 1 branch of the dungeon, and saw 4 of its levels.

You collected 193 gold pieces.

Inventory:

Hand Weapons
 a - a +0 war axe (weapon)
Armour
 b - a +0 scale mail (worn)
 c - a +0 buckler (worn)
Jewellery
 e - a ring of wizardry (left hand)
Potions
 d - a potion of might
 f - a potion of lignification
 g - a potion of magic {unknown}
 h - a potion of ambrosia {unknown}
 i - a potion of degeneration {unknown}


   Skills:
 - Level 3.6 Fighting
 + Level 6.8 Axes
 - Level 3.2 Armour
 - Level 4.0 Shields


You had 4 spell levels left.
You didn't know any spells.
Your spell library contained the following spells:

 Spells                   Type           Power      Damage    Failure   Level
 Animate Skeleton         Necr           0%         N/A       41%         1
 Pain                     Necr           0%         1d4       41%         1
 Vampiric Draining        Necr           0%         2d6       77%         3


Dungeon Overview and Level Annotations

Branches:
Dungeon (4/15)
 Temple: D:4-7

Altars:
Sif Muna
Vehumet

Annotations:
D:2 1 runed translucent door, Crazy Yiuf


Message History

You destroy the adder skeleton!
You open the door.
There is an open door here.
Found a stone staircase leading down.
No target in view!
No target in view!
A ball python and an ogre come into view.
The ogre shouts!
The ball python hisses angrily.
You slash the ball python!
You kill the ball python!
Found a scroll labelled WAUNEL HAMOHIM.
You see here a ball python corpse.
An ogre is nearby!
You hit the ogre but do no damage. The ogre completely misses you.
An ogre is nearby!
You slash the ogre!
The ogre is moderately wounded.
The ogre closely misses you.
You slash the ogre!
The ogre is heavily wounded.
The ogre hits you with a +0 giant spiked club!!
Ouch! That really hurt!
An ogre is nearby!
You are too injured to fight recklessly!
You are too injured to fight recklessly!
An ogre is nearby!
You are too injured to fight recklessly!
You are too injured to fight recklessly!
You hit the ogre.
The ogre is severely wounded.
The ogre barely misses you.
Okay, then.
You hit the ogre but do no damage.
The ogre is severely wounded.
You block the ogre's attack.
You hit the ogre.
The ogre is almost dead.
The ogre hits you with a +0 giant spiked club!!
Ouch! That really hurt!
You die...

.## .. #. ..... .#
#.#.... .#### #.#...# #
....# #.#...#.# ....#
##.#..... ....# +......#
....# #.O...#.## .)..#
#.@..?....
....###########†#####.#.
....'..........>#
..(.############# ....#
....# ....# ##### ....


You could see an ogre.

Vanquished Creatures
  An orc wizard (D:3)
  5 adders
  2 adder skeletons (D:4)
  4 worms
  2 dart slugs (D:1)
  5 orcs (D:3)
  4 ball pythons
  9 endoplasms
  2 giant cockroaches
  5 goblins
  7 hobgoblins
  4 jackals (D:1)
  7 bats
  7 frilled lizards
  3 kobolds
  4 rats
71 creatures vanquished.

Vanquished Creatures (others)
  A plant (D:2)
1 creature vanquished.

Grand Total: 72 creatures vanquished

Notes
Turn   | Place    | Note
-------+----------+-------------------------------------------
     0 | D:1      | kae the Hill Orc Fighter began the quest for the Orb.
     0 | D:1      | Reached XP level 1. HP: 19/19 MP: 1/1
    55 | D:1      | Reached skill level 3 in Axes
   255 | D:1      | Reached XP level 2. HP: 22/26 MP: 2/2
   446 | D:1      | Reached skill level 4 in Axes
   627 | D:1      | Reached XP level 3. HP: 31/31 MP: 3/3
  1158 | D:2      | Reached skill level 5 in Axes
  1262 | D:2      | Reached XP level 4. HP: 39/39 MP: 4/4
  1583 | D:2      | Found a runed translucent door.
  1584 | D:2      | Noticed Crazy Yiuf
  1685 | D:3      | Found a radiant altar of Vehumet.
  1692 | D:3      | Found a shimmering blue altar of Sif Muna.
  1832 | D:3      | Found a faded altar of an unknown god.
  1934 | D:3      | Reached skill level 6 in Axes
  1934 | D:3      | Reached XP level 5. HP: 21/45 MP: 5/5
  3118 | D:4      | Noticed an ogre
  3127 | D:4      | Slain by an ogre

Illustrated notes

Levels and vault maps discovered:
D:1:      psy_arrival_statuary, layout_loops_ring
D:2:      layout_rooms, serial_forest, infiniplex_forest_clump_tiny,
          infiniplex_forest_lined_room_2, infiniplex_forest_clump_medium,
          infiniplex_forest_clump_long, infiniplex_forest_straight_2,
          infiniplex_forest_lined_1, infiniplex_forest_end_3,
          uniq_crazy_yiuf_cottage
D:3:      layout_loops_ring, grunt_temple_overflow_open,
          hellmonk_ecumenical_altar_pennies_from_heaven
D:4:      layout_basic, biasface_ghost_orc_armoury,
          chequers_serial_rivers_large_a

Skill      XL: |  1  2  3  4 |
---------------+-------------+-----
Axes           | 3 4 5 6 |  6.8
Shields        | 4 |  4.0
Fighting       | |  3.6
Armour         | |  3.2

Action                   |  1- 3 |  4- 6 || total
-------------------------+-------+-------++-------
Melee: War axe           |   100 |   125 ||   225
  Use: Scroll            |       |     4 ||     4
Armor: Scale mail        |    48 |    52 ||   100
Dodge: Dodged            |    36 |    52 ||    88
Block: Buckler           |    23 |    30 ||    53

Table legend: (Time is in decaauts)
 A = Elapsed time spent in this place.
 B = Non-inter-level travel time spent in this place.
 C = Inter-level travel time spent in this place.
 D = Time resting spent in this place.
 E = Time spent auto-exploring this place.
 F = Levels seen in this place.
 G = Mean time per level.
                   A        B        C        D        E       F      G
               +--------+--------+--------+--------+--------+-----+--------+
         Total |   3183 |   3081 |    102 |      0 |   2568 |   4 |  795.8 |
       Dungeon |   3183 |   3081 |    102 |      0 |   2568 |   4 |  795.8 |
               +--------+--------+--------+--------+--------+-----+--------+

Top non-repeatable levels by time:
     D:3: 1007 daAuts
     D:1: 930 daAuts
     D:2: 757 daAuts
     D:4: 488 daAuts
